Map: Triton LE

Players

MohdK

  • Race: Terran Terran
  • Spawn Location: 5:00

ViBE - Winner!

  • Race: Zerg Zerg
  • League: Silver
  • Spawn Location: 11:00

VOD

Have the link to the VOD?

Description

Time

  • Played on: Dec. 5, 2019, 9:32 p.m.
  • Length: 12:01
Show
View Real Time Build Order
Export as new Build Order

MohdK Terran 

Build Orders:  

Get SALT Encoding   

  12  0:02  SCV  
  13  0:14  SCV  
  14  0:24  Supply Depot  
  14  0:26  SCV  
  15  0:41  Refinery  
  15  0:45  SCV  
  16  0:51  Barracks  
  16  0:57  SCV  
  16  1:01  Refinery  
  17  1:10  SCV  
  18  1:22  SCV  
  19  1:34  SCV  
  20  1:43  Factory, Barracks Tech Lab  
  20  1:46  SCV  
  21  1:55  Barracks  
  21  1:58  SCV  
  21  2:00  Supply Depot  
  22  2:06  Reaper  
  23  2:09  Combat Shield  
  23  2:19  Orbital Command  
  23  2:28  Supply Depot  
  23  2:39  Supply Depot  
  23  2:43  Marauder  
  25  2:49  Barracks Reactor  
  25  2:53  SCV  
  26  3:05  SCV  
  27  3:09  Factory Tech Lab  
  26  3:38  Starport  
  26  3:42  Starport  
  26  3:46  Siege Tank  
  29  3:49  Marauder  
  29  3:50  Marine x2  
  33  4:02  Supply Depot  
  33  4:11  Marine x2  
  33  4:13  Marauder  
  37  4:18  Siege Tank  
  37  4:20  Starport Tech Lab  
  40  4:38  Starport Tech Lab  
  40  4:40  Fusion Core  
  40  4:54  Command Center  
  40  4:55  Marine x2  
  42  5:16  Marauder  
  44  5:37  Marauder  
  44  5:40  Marine x2  
  48  5:44  Battlecruiser  
  54  5:51  Supply Depot  
  54  5:58  Marine  
  55  6:05  Cloaking Field  
  55  6:13  Supply Depot  
  55  6:55  Refinery  
  55  6:58  Refinery  
  61  7:01  Battlecruiser  
  61  7:05  Orbital Command  
  61  7:10  SCV  
  61  7:13  Marauder  
  61  7:14  Marine x2  
  66  7:20  Supply Depot  
  66  7:22  SCV  
  67  7:32  Marine x2  
  67  7:34  SCV, Marauder  
  72  7:40  SCV  
  73  7:46  SCV  
  73  7:50  Marine x2  
  76  7:53  SCV  
  76  7:58  SCV  
  77  8:05  SCV  
  78  8:08  Battlecruiser  
  84  8:17  SCV  
  85  8:29  SCV  
  85  8:30  Raven  
  89  8:41  SCV  
  89  8:53  SCV  
  64  9:03  Marauder  
  64  9:05  Marine  
  64  9:06  Marine  
  68  9:23  Marine x2  
  70  9:25  Marauder  
  72  9:41  Marine x2  
  74  9:46  Marauder  
  76  9:59  Marine x2  
  60  10:01  Siege Tank  
  63  10:08  Marauder  
  63  10:14  Battlecruiser x2  
  77  10:29  Marauder  
  77  10:33  Siege Tank  
Show
View Real Time Build Order
Export as new Build Order

ViBE Zerg - Winner!

Build Orders: Hatch First 

Get SALT Encoding   

  12  0:01  Drone  
  13  0:13  Overlord  
  13  0:17  Drone  
  14  0:31  Drone x2  
  16  0:39  Drone  
  17  0:54  Hatchery  
  16  0:58  Drone  
  16  1:02  Drone  
  18  1:13  Spawning Pool  
  18  1:16  Drone  
  18  1:19  Drone  
  19  1:29  Drone  
  20  1:38  Extractor  
  19  1:40  Drone  
  20  1:51  Overlord  
  20  2:03  Queen  
  20  2:05  Drone  
  20  2:06  Drone, Queen  
  26  2:15  Overlord  
  26  2:20  Drone  
  27  2:31  Drone x2  
  29  2:39  Drone  
  29  2:40  Drone  
  29  2:42  Lair  
  29  2:43  Queen  
  33  2:46  Drone  
  34  2:53  Spine Crawler  
  34  2:54  Drone  
  34  2:55  Drone  
  35  3:02  Drone  
  36  3:12  Drone x2  
  38  3:15  Drone x6  
  44  3:24  Drone  
  44  3:36  Overlord  
  44  3:41  Roach Warren  
  44  3:43  Extractor x2, Overlord  
  41  3:51  Hatchery, Evolution Chamber  
  39  4:00  Queen  
  41  4:06  Drone x9  
  50  4:11  Drone  
  50  4:16  Overlord  
  51  4:33  Roach x4  
  51  4:34  Roach x3  
  51  4:36  Glial Reconstitution  
  51  4:37  Zerg Missile Weapons Level 1  
  65  4:42  Roach  
  67  4:52  Overlord x3  
  67  4:59  Overlord x2  
  67  5:04  Roach  
  67  5:05  Roach  
  67  5:06  Drone  
  67  5:07  Drone x2  
  74  5:18  Drone  
  74  5:19  Drone x3  
  78  5:23  Drone  
  79  5:33  Drone x7  
  86  5:37  Hydralisk Den  
  86  5:38  Evolution Chamber  
  84  5:43  Extractor  
  84  5:47  Drone x7  
  90  6:03  Extractor  
  89  6:04  Extractor  
  89  6:05  Drone  
  89  6:06  Drone x2  
  89  6:11  Drone x9  
  100  6:22  Hatchery  
  99  6:42  Drone x11  
  110  6:53  Hatchery  
  109  6:59  Zerg Missile Weapons Level 2  
  109  7:00  Grooved Spines, Zerg Ground Armor Level 1  
  109  7:14  Hydralisk  
  109  7:15  Hydralisk  
  113  7:16  Overlord x8  
  113  7:29  Infestation Pit  
  112  7:31  Hatchery  
  112  7:33  Overlord x2  
  112  7:35  Hydralisk x8  
  127  7:51  Hydralisk  
  127  7:52  Hydralisk x11  
  127  7:56  Hydralisk  
  153  8:02  Hydralisk x2  
  157  8:07  Hydralisk x2  
  161  8:13  Extractor  
  161  8:14  Extractor  
  161  8:15  Hive  
  159  8:25  Hydralisk  
  159  8:26  Hydralisk x12  
  185  8:35  Hydralisk  
  177  9:07  Drone x5  
  177  9:08  Drone  
  183  9:10  Hydralisk x8  
  197  9:40  Zerg Ground Armor Level 2  
  197  9:44  Queen  
  191  9:47  Drone x2, Hydralisk  
  191  9:48  Hydralisk x6  
  191  9:49  Hydralisk  
  191  9:50  Hydralisk  
  191  9:51  Hydralisk  
  199  9:53  Hydralisk  
  199  9:55  Hydralisk  
  199  9:58  Hydralisk  
  199  10:07  Spore Crawler  
  199  10:09  Spore Crawler  
  199  10:12  Spore Crawler  
  199  10:13  Spore Crawler  
  195  10:15  Spore Crawler  
  195  10:18  Drone x6  
  200  10:22  Extractor  
  200  10:24  Drone x2, Extractor  
Tags
 
Add a new tag
Caveats
  • Supply blocks, unpowered buildings, or Contaminate may cause inaccurate times.
  • Supply counts are checked every 10 seconds.